 Dungeon Crawl Stone Soup version 0.32-a0-938-g40ac7a0f4d (webtiles) character file.

Game seed: 15146946255267480333

2660 ezpacito the Chopper (level 9, -3/66 (69) HPs)
             Began as a Coglin Chaos Knight on Apr 15, 2024.
             Was a Plaything of Xom.
             Succumbed to a wight's poison
             ... on level 6 of the Dungeon.
             The game lasted 00:08:41 (4715 turns).

ezpacito the Chopper (Coglin Chaos Knight)          Turns: 4715, Time: 00:08:41

HP:   -3/66 (69)    AC:  7    Str: 17    XL:     9   Next: 63%
MP:   12/12         EV: 13    Int: 15    God:    Xom [....*.]
Gold: 221           SH:  0    Dex: 16    Spells: 13/13 levels left

rFire   . . .        d - +0 broad axe (flame) {Shi}
rCold   . . .        o - +4 trident {Jihoo}
rNeg    . . .        g - +0 steam dragon scales
rPois   .            (no helmet)
rElec   .            c - scarf of Anarchy {shadows, +Blink Int+3 Dex+3 Stlth+}
rCorr   .            r - +0 pair of gloves
SInv    .            (no boots)
Will    .....        (amulet unavailable)
Stlth   +++          (ring unavailable)
HPRegen 1.11/turn    (ring unavailable)
MPRegen 0.13/turn    (no gizmo)

%: clarity
@: lethally poisoned (-3 -> -28), lightly drained, revved
A: off-hand wielding, slow wielding, warmup strikes, no jewellery, clarity,
regeneration 1
a: Invent Gizmo, Renounce Religion, Evoke Blink


You were on level 6 of the Dungeon.
You worshipped Xom.
You were a beloved toy of Xom.
You visited 1 branch of the dungeon, and saw 6 of its levels.
You also visited: Sewer and Ossuary.

You collected 221 gold pieces.

Inventory:

Hand Weapons
 a - a +1 hand axe of chaos {Malena}
 d - a +0 broad axe of flaming (weapon) {Shi}
 h - a +0 spectral war axe {LucĂ­a}
 o - a +4 trident (offhand) {Jihoo}
Missiles
 b - 7 curare-tipped darts (quivered)
 s - 3 javelins
 w - 5 poisoned darts
Armour
 c - the scarf of Anarchy (worn) {shadows, +Blink Int+3 Dex+3 Stlth+}
   (You acquired it in an ossuary)

   Int+3:     It affects your intelligence (+3).
   Dex+3:     It affects your dexterity (+3).
   +Blink:    It lets you blink.
   Stlth+:    It makes you more stealthy.
 g - +0 steam dragon scales (worn)
 m - a +0 plate armour
 r - a +0 pair of gloves (worn)
Talismans
 p - a blade talisman
Wands
 z - a wand of polymorph (4)
Scrolls
 e - a scroll of vulnerability
 f - a scroll of noise
 k - a scroll of fog
 l - 3 scrolls of enchant weapon
 t - 9 scrolls of teleportation
 y - a scroll of amnesia
Potions
 j - a potion of cancellation {unknown}
 n - 2 potions of resistance {unknown}
 q - 2 potions of curing
 u - 2 potions of mutation {unknown}
 x - a potion of attraction {unknown}
 B - a potion of lignification {unknown}


   Skills:
 * Level 5.8 Fighting
 * Level 5.8(6.6) Axes
 * Level 4.3(5.5) Polearms
 + Level 1.5 Throwing
 * Level 4.8 Armour
 * Level 4.4 Dodging
 + Level 3.0 Stealth
 + Level 2.5 Spellcasting
 + Level 2.7 Evocations
 + Level 1.5 Shapeshifting


You had 13 spell levels left.
You didn't know any spells.
Your spell library contained the following spells:

 Spells                   Type           Power      Damage    Failure   Level
 Necrotise                Necr           4%         1d4       22%         1
 Summon Ice Beast         Ice/Summ       1%         N/A       54%         3
 Vampiric Draining        Necr           1%         2d6       54%         3
 Martyr's Knell           Necr/Summ      1%         N/A       91%         4
 Vhi's Electric Charge    Tloc/Air       2%         N/A       91%         4
 Arcjolt                  Conj/Air       0%         1d10      99%         5
 Curse of Agony           Necr           1%         N/A       99%         5
 Summon Mana Viper        Hex/Summ       1%         N/A       99%         5
 Plasma Beam              Fire/Air       0%         2x1d10    100%        6
 Monstrous Menagerie      Summ           0%         N/A       100%        7


Dungeon Overview and Level Annotations

Branches:
Dungeon (6/15)              Sewer (visited)         Ossuary (visited)
 Temple: D:4-7

Altars:
Xom
Yredelemnul

Annotations:
D:6 2 runed translucent doors, smashvw's ghost, novice DjIE


Innate Abilities, Weirdness & Mutations

You can wield a second weapon in your off-hand.
It takes a long time for you to wield or remove held weapons.
Your first few attacks do less damage.
You cannot equip rings or amulets.
You possess an exceptional clarity of mind.
Your natural rate of healing is unusually fast.


Message History

You are too injured to fight recklessly!
You are too injured to fight recklessly!
You are too injured to fight recklessly!
You are too injured to fight recklessly!
You feel very sick. The wight misses you.
Items here: )) [[.
You take 3 damage, and have 32/68 hp.
You are too injured to fight recklessly!
You hit the wight with your +0 broad axe of flaming.
You burn the wight.
The wight is moderately damaged.
You hit the wight with your +4 trident.
You feel very sick.
The wight hits you with a +2 halberd of venom!
You feel drained.
You are more poisoned.
You take 10 damage, and have 22/66 hp.
You hit the wight but do no damage.
The wight is severely damaged.
You barely miss the wight with your +0 broad axe of flaming.
* * * LOW HITPOINT WARNING * * *
You feel extremely sick. The wight hits you but does no damage.
You are lethally poisoned!
You take 6 damage, and have 16/66 hp.
You hit the wight but do no damage.
The wight is severely damaged.
You hit the wight with your +4 trident.
* * * LOW HITPOINT WARNING * * *
You feel extremely sick.
The wight hits you with a +2 halberd of venom.
* * * LOW HITPOINT WARNING * * *
You are more poisoned.
You take 11 damage, and have 5/66 hp.
You hit the wight with your +0 broad axe of flaming.
You burn the wight.
You destroy the wight!
You die...
Xom titters!

#.##........,****...
####..........** **...
#.............* **,,,,
###....#####...***,,,,*
#...#.## *#.#,,,,,***
###.#)# *,##**,,****
##..## *,* **,***,
#...# **,* *,,,,*
#..@#***,** **,,,**
####)....#****,**,,*
*,...##.,,,,****,*
*,.###*,**,,* **, **,.#
**,***,** **, **,,##
*,** *,,***,,
*,*,,***,* **,**,,,
*,**,,,*,****,,,,,,,
***,,*,,,,,,,,,,,,,,,


There were no monsters in sight!

Vanquished Creatures
  Pikel (D:5)
  A wyvern (D:6)
  A steam dragon (D:6)
  Duvessa (D:6)
  A water moccasin (D:5)
  An orc warrior (D:6)
  2 black bears
  An ice beast (D:6)
  A centaur (D:6)
  A kobold brigand (Sewer)
  A scorpion (D:4)
  Blork the orc (D:5)
  2 bullfrogs
  7 wights (D:6)
  Dowan (D:6)
  A hound (D:5)
  3 bombardier beetles
  2 jellies
  2 orc priests (D:6)
  An iguana (D:5)
  4 orc wizards
  3 crocodile zombies (Ossuary)
  3 mummies (Ossuary)
  11 adders
  A river rat (D:6)
  A shadow imp (D:6)
  2 ufetubi (D:6)
  2 dart slugs
  A ribbon worm (Sewer)
  4 orcs (D:4)
  13 ball pythons
  6 endoplasms
  2 giant cockroaches
  4 gnoll zombies (Ossuary)
  8 goblins
  3 hobgoblins
  12 kobolds
  A quokka (D:2)
  9 bats
  3 frilled lizards
  A goblin zombie (D:4)
  2 kobold zombies (Ossuary)
  A quokka zombie (D:4)
  3 rats
132 creatures vanquished.

Notes
Turn   | Place    | Note
-------+----------+-------------------------------------------
     0 | D:1      | ezpacito the Coglin Chaos Knight began the quest for the
                  | Orb.
     0 | D:1      | Reached XP level 1. HP: 18/18 MP: 1/1
     4 | D:1      | XOM: silly message
   143 | D:1      | Reached skill level 1 in Dodging
   209 | D:1      | Reached XP level 2. HP: 24/24 MP: 2/2
   376 | D:1      | Found a faded altar of an unknown god.
   472 | D:1      | Reached XP level 3. HP: 27/29 MP: 3/3
   765 | D:1      | XOM: silly message
  1048 | D:2      | XOM is BORED!
  1146 | D:2      | XOM: silly message
  1160 | D:2      | Reached skill level 1 in Stealth
  1160 | D:2      | Reached XP level 4. HP: 35/35 MP: 4/4
  1181 | D:2      | Reached skill level 1 in Polearms
  1429 | D:3      | You fall into a shaft and drop 2 floors!
  1429 | D:5      | Entered Level 5 of the Dungeon
  1468 | D:5      | Noticed Pikel
  1481 | D:5      | Killed Pikel
  1482 | D:5      | Reached skill level 1 in Spellcasting
  1482 | D:5      | Reached XP level 5. HP: 42/42 MP: 4/7
  1482 | D:5      | Reached XP level 6. HP: 48/48 MP: 4/8
  1482 | D:5      | Reached XP level 7. HP: 54/54 MP: 4/9
  1533 | D:4      | XOM: summons friendly quasit
  1544 | D:4      | XOM: smoke on damage
  1656 | D:4      | Found a sand-covered staircase.
  1664 | Ossuary  | Entered an ossuary
  1769 | Ossuary  | XOM: cast spell 'Alistair's Intoxication'
  1808 | Ossuary  | Identified a scroll of acquirement
  1808 | Ossuary  | Acquired the scarf of Anarchy {shadows, +Blink Int+3 Dex+3
                  | Stlth+}
  2399 | D:4      | Reached XP level 8. HP: 58/61 MP: 10/10
  2414 | D:4      | XOM: silly message
  3377 | D:3      | XOM: give mutations
  3377 | D:3      | Gained mutation: You possess an exceptional clarity of
                  | mind. [Xom's grace]
  3377 | D:3      | Gained mutation: Your natural rate of healing is unusually
                  | fast. [Xom's grace]
  3640 | D:5      | Found a basalt altar of Yredelemnul.
  3659 | D:5      | XOM: scenery: create altars
  3772 | D:5      | Reached skill level 5 in Fighting
  3961 | D:5      | XOM: smoke on damage
  3962 | D:5      | Reached skill level 5 in Axes
  3962 | D:5      | Reached skill level 1 in Evocations
  3986 | D:5      | Noticed Blork the orc
  3993 | D:5      | Killed Blork the orc
  4050 | D:6      | Reached skill level 1 in Throwing
  4050 | D:6      | Reached XP level 9. HP: 23/68 MP: 12/12
  4054 | D:6      | Reached skill level 1 in Shapeshifting
  4081 | D:6      | Noticed Dowan
  4084 | D:6      | Noticed Duvessa
  4096 | D:6      | Killed Duvessa
  4097 | D:6      | Killed Dowan
  4110 | D:6      | Found a large runed translucent door.
  4126 | D:6      | Found a large runed translucent door.
  4126 | D:6      | Noticed Maggie
  4128 | D:6      | Maggie changed into Maggie the wyvern
  4128 | D:6      | Noticed Maggie
  4137 | D:6      | Killed Maggie the wyvern
  4145 | D:6      | Found a glowing drain.
  4159 | D:6      | Noticed smashvw's ghost (novice DjIE)
  4204 | Sewer    | Entered a sewer
  4473 | D:6      | XOM: god gift: purple potion {god gift}
  4480 | D:6      | XOM: destruction
  4715 | D:6      | Succumbed to a wight's poison

Illustrated notes

Levels and vault maps discovered:
D:1:      sevenhm_arrival_forest_fort_small_1, layout_basic,
          shapermc_ecumenical_altar_mp_highgroup
D:2:      layout_rooms, serial_bayou_pond_c
D:3:      layout_loops_ring
D:4:      layout_loops_ring, enter_ossuary_4, small_statue_alley_b
D:5:      layout_cave_pools, mainiacjoe_overflow_alcove_2, uniq_blork_the_orc,
          uniq_pikel
D:6:      layout_layer_cave, cheibrodos_sewer_entry_sluice,
          ebering_ghost_disaster_area, uniq_duvessa, uniq_maggie, uniq_sigmund

Skill      XL: |  1  2  3  4  5  6  7  8  9 |
---------------+----------------------------+-----
Dodging        | 1 2 3 4 |  4.4
Armour         | 2 3 4 |  4.8
Stealth        | 1 2 3 |  3.0
Polearms       | 2 3 4 |  4.3
Fighting       | 4 5 |  5.8
Axes           | 4 5 |  5.8
Spellcasting   | 1 2 |  2.5
Evocations     | 1 2 |  2.7
Throwing       | 1 |  1.5
Shapeshifting  | 1 |  1.5

Action                     |  1- 3 |  4- 6 |  7- 9 || total
---------------------------+-------+-------+-------++-------
  Melee: Hand axe          |    51 |    11 |   224 ||   286
         Dagger            |    12 |       |       ||    12
         War axe           |    12 |       |    10 ||    22
         Spear             |    33 |    11 |   219 ||   263
         Broad axe         |       |       |    42 ||    42
         Trident           |       |       |     9 ||     9
  Throw: Dart              |       |     6 |       ||     6
  Evoke: Wand              |       |       |     1 ||     1
    Use: Scroll            |       |       |    13 ||    13
         Potion            |       |       |     7 ||     7
   Stab: Petrified         |       |       |     7 ||     7
         Confused          |       |       |     1 ||     1
         Petrifying        |       |       |     1 ||     1
         Distracted        |       |       |     1 ||     1
         Invisible         |       |       |     1 ||     1
         Sleeping          |       |       |     1 ||     1
 Armour: Leather armour    |    34 |       |       ||    34
         Chain mail        |     9 |     8 |   198 ||   215
         Steam dragon scal |       |       |    32 ||    32
  Dodge: Dodged            |    32 |     5 |   107 ||   144

Table legend: (Time is in decaauts)
 A = Elapsed time spent in this place.
 B = Non-inter-level travel time spent in this place.
 C = Inter-level travel time spent in this place.
 D = Time resting spent in this place.
 E = Time spent auto-exploring this place.
 F = Levels seen in this place.
 G = Mean time per level.
                   A        B        C        D        E       F      G
               +--------+--------+--------+--------+--------+-----+--------+
         Total |   4775 |   4346 |    429 |    180 |   2980 |   8 |  596.9 |
       Dungeon |   4143 |   3714 |    429 |      0 |   2814 |   6 |  690.5 |
         Sewer |    271 |    271 |      0 |      0 |    165 |   1 |  271.0 |
       Ossuary |    360 |    360 |      0 |    180 |      0 |   1 |  360.0 |
               +--------+--------+--------+--------+--------+-----+--------+

Top non-repeatable levels by time:
     D:4: 912 daAuts
     D:3: 902 daAuts
     D:1: 780 daAuts
     D:5: 583 daAuts
     D:2: 504 daAuts
     D:6: 459 daAuts
 Ossuary: 360 daAuts
   Sewer: 271 daAuts
